 Dungeon Crawl Stone Soup version 0.29-a0-397-g846e4a0bbc (webtiles) character file.

Game seed: 15183575479604009982

10 bande the Skirmisher (level 2, 0/19 HPs)
             Began as a Gargoyle Fighter on May 12, 2022.
             Slain by a kobold
             ... wielding a +0 short sword
              (3 damage)
             ... on level 1 of the Dungeon.
             The game lasted 00:00:23 (327 turns).

bande the Skirmisher (Gargoyle Fighter)              Turns: 327, Time: 00:00:23

Health: 0/19       AC:  9    Str: 19    XL:     2   Next: 20%
Magic:  2/2        EV:  9    Int:  8    God:
Gold:   21         SH:  4    Dex:  9    Spells: 1/1 levels left

rFire   . . .      SeeInvis .   a - +0 war axe
rCold   . . .      Faith    .   c - +0 buckler
rNeg    + . .      Spirit   .   b - +0 scale mail
rPois   ∞          Reflect  .   (no helmet)
rElec   +          Harm     .   (no cloak)
rCorr   .          Rampage  .   (no gloves)
Will    .....                   (no boots)
Stlth   ..........              (no amulet)
HPRegen 0.06/turn               (no ring)
MPRegen 0.08/turn               (no ring)

@: no status effects
A: sickness immunity, AC +2, negative energy resistance 1, electricity
resistance, torment resistance 1, petrification resistance
a: no special abilities


You were on level 1 of the Dungeon.
You visited 1 branch of the dungeon, and saw 1 of its levels.

You collected 21 gold pieces.

Inventory:

Hand Weapons
 a - a +0 war axe (weapon)
Armour
 b - a +0 scale mail (worn)
 c - a +0 buckler (worn)
Scrolls
 e - 3 scrolls of summoning {unknown}
Potions
 d - a potion of might


   Skills:
 + Level 3.6 Fighting
 + Level 1.8 Axes
 + Level 3.5 Armour
 + Level 3.4 Shields


You had one spell level left.
You didn't know any spells.
Your spell library was empty.

Dungeon Overview and Level Annotations

Branches:
Dungeon (1/15)

Altars:


Innate Abilities, Weirdness & Mutations

You are immune to sickness and miasma.
Your stone body is resilient. (AC +2)
You are immune to poison.
You resist negative energy. (rN+)
You are resistant to electric shocks. (rElec)
You are resistant to unholy torment.
You are immune to petrification.


Message History

The kobold barely misses you.
You hit the endoplasm but do no damage. You miss the bat. You hit the kobold.
You slash the kobold!
You kill the kobold!
You block the bat's attack. The kobold misses you.
The endoplasm hits you but does no damage.
You barely miss the kobold.
The kobold is moderately wounded.
You hit the endoplasm. You slash the bat!
You kill the bat!
The endoplasm freezes you.
You are frozen.
The kobold hits you but does no damage.
A kobold comes into view. It is wielding a +0 club.
The kobold hits you but does no damage. The endoplasm freezes you.
You are frozen.
The kobold hits you but does no damage. x2
The endoplasm freezes you.
You are frozen.
Unknown command.
You barely miss the kobold. You hit the endoplasm but do no damage.
You closely miss the kobold. The kobold barely misses you.
The endoplasm freezes you.
You are frozen.
You block the kobold's attack.
Unknown command.
You barely miss the kobold. You hit the endoplasm but do no damage.
You closely miss the kobold.
The kobold hits you but does no damage. x2
The endoplasm misses you.
An endoplasm comes into view.
The kobold barely misses you. The kobold hits you but does no damage.
The endoplasm freezes you.
You are frozen.
* * * LOW HITPOINT WARNING * * *
The endoplasm moves out of view.
You hit the endoplasm.
You kill the endoplasm!
You closely miss the kobold. You hit the kobold.
You kill the kobold!
The kobold hits you with a +0 short sword.
You die...

#... #.....# +.K.
+.....+
#...####.....#
.......#.....#
#.........#######.
#................
.####
##..####..######
......#..?# ##.#
#K@..# #.#
.......))## #.#
...........
##.####
...........#
#.....#
##.........#
#.....#
#.........#
#.....#
#..?......#
###†.##
#########.#
##'##### #......#


You could see a kobold.

Vanquished Creatures
  2 dart slugs (D:1)
  An endoplasm (D:1)
  A goblin (D:1)
  A quokka (D:1)
  2 bats (D:1)
  2 kobolds (D:1)
9 creatures vanquished.

Notes
Turn   | Place    | Note
-------+----------+-------------------------------------------
     0 | D:1      | bande the Gargoyle Fighter began the quest for the Orb.
     0 | D:1      | Reached XP level 1. HP: 14/14 MP: 1/1
    21 | D:1      | Reached XP level 2. HP: 12/19 MP: 2/2
   327 | D:1      | Slain by a kobold

Illustrated notes

Levels and vault maps discovered:
D:1:      evilmike_arrival_plus, layout_basic,
          ebering_ecumenical_altar_sacrificial, serial_shops, shop,
          nicolae_shop_advertising_works [nicolae_subvault_shop_adworks], shop,
          corexii_hall_statues_s

Action                   || total
-------------------------++-------
Melee: War axe           ||    18
Armor: Scale mail        ||    25
Dodge: Dodged            ||    20
Block: Buckler           ||     8

Table legend: (Time is in decaauts)
 A = Elapsed time spent in this place.
 B = Non-inter-level travel time spent in this place.
 C = Inter-level travel time spent in this place.
 D = Time resting spent in this place.
 E = Time spent auto-exploring this place.
 F = Levels seen in this place.
 G = Mean time per level.
                   A        B        C        D        E       F      G
               +--------+--------+--------+--------+--------+-----+--------+
         Total |    335 |    335 |      0 |    210 |     81 |   1 |  335.0 |
       Dungeon |    335 |    335 |      0 |    210 |     81 |   1 |  335.0 |
               +--------+--------+--------+--------+--------+-----+--------+

Top non-repeatable levels by time:
     D:1: 335 daAuts
